Maple Leafs vs Golden Knights
(R1)
Created - June 8, 2021 at 19:22
Goals
|
Maple Leafs |
1 |
2 |
0 |
3 |
Golden Knights |
2 |
2 |
0 |
4 |
|
Shots
|
Maple Leafs |
9 |
9 |
10 |
28 |
Golden Knights |
15 |
13 |
9 |
37 |
|
1st period
1. Golden Knights , Michael Frolik 13 (Matt Stajan 10) at 3:23
2. Maple Leafs , Ben Smith 6 (Jake Guentzel 5, Hampus Lindholm 8) at 18:05
3. Golden Knights , Vladimir Zharkov 2 (Jared Cowen 7) at 18:19
Penalties :
Matt Stajan (Vgs) for Hooking (Minor) at 4:54, Matt Stajan (Vgs) for High sticking (Minor) at 9:50, Patrick Kane (Tor) for Boarding (Minor) at 19:46
2nd period
4. Maple Leafs , Kevin Shattenkirk 4 (John Klingberg 11, Patrick Kane 10) at 3:11 (PP)
5. Maple Leafs , Patrick Kane 14 (Claude Giroux 15, Brayden Schenn 8) at 4:52 (PP)
6. Golden Knights , Sergei Plotnikov 3 (Michael Frolik 26, Zach Bogosian 16) at 5:07
7. Golden Knights , Zach Bogosian 4 (Thomas Vanek 9, Michael Kostka 5) at 12:26 (PP)
Penalties :
Wayne Simmonds (Vgs) for Roughing (Minor) at 2:58, Mathew Dumba (Vgs) for Holding (Minor) at 4:36, Dany Heatley (Tor) for Hooking (Minor) at 11:48, Logan Couture (Tor) for Cross-checking (Minor) at 15:05
3rd period
No Goal
Penalties :
Calvin de Haan (Tor) for Holding (Minor) at 1:23, Matt Stajan (Vgs) for Holding (Minor) at 2:09, Vladimir Mihalik (Vgs) for Hooking (Minor) at 4:40, Jake Guentzel (Tor) for Hooking (Minor) at 6:15, Wayne Simmonds (Vgs) for Holding (Minor) at 13:40, Thomas Vanek (Vgs) for Holding Stick (Minor) at 17:15
Goalie Stats
John Gibson (Tor), 33 saves from 37 shots - (0.892), L, 12-6-0, 60:00 minutes
Ondrej Pavelec (Vgs), 25 saves from 28 shots - (0.893), W, 7-3-1, 60:00 minutes
Players Stats for Maple Leafs
Player Name G A P +/- PIM S H SB GA TA FO MP PP MP PK MP
------------------------------------------------------------------------------------
Andre Burakovsky 0 0 0 0 0 2 1 0 0 0 0/0 9:49 0:00 0:09
Beau Bennett 0 0 0 0 0 0 2 2 0 0 0/0 9:26 0:00 0:00
Ben Smith 1 0 1 0 0 2 0 1 2 0 1/2 15:45 4:54 0:00
Blake Comeau 0 0 0 0 0 0 0 0 0 0 0/0 5:35 0:00 0:00
Bo Horvat 0 0 0 0 0 0 0 0 0 1 3/5 5:48 0:00 0:16
Brayden Schenn 0 1 1 -2 0 1 2 0 2 1 15/30 22:32 5:38 2:34
Braydon Coburn 0 0 0 1 0 1 2 2 2 1 0/0 21:25 4:39 2:26
Calvin de Haan 0 0 0 0 2 2 0 1 1 0 0/0 9:39 0:23 0:00
Claude Giroux 0 1 1 -2 0 3 1 1 1 0 2/2 24:31 5:40 4:28
Dany Heatley 0 0 0 0 2 0 3 0 0 0 0/0 8:38 0:13 1:53
Hampus Lindholm 0 1 1 1 0 1 3 0 1 0 0/0 21:34 5:15 2:26
Jake Guentzel 0 1 1 0 2 2 0 1 0 0 0/1 15:48 4:52 0:00
John Klingberg 0 1 1 -3 0 2 0 0 1 1 0/0 28:56 5:25 4:31
Kevin Shattenkirk 1 0 1 -3 0 3 2 2 0 2 0/0 29:03 5:25 4:31
Logan Couture 0 0 0 0 2 2 2 0 0 0 10/17 20:01 4:30 3:09
Mika Zibanejad 0 0 0 0 0 2 1 0 0 0 2/7 12:48 0:50 0:58
Patrick Kane 1 1 2 -2 2 4 2 1 0 1 0/1 20:18 5:17 0:27
Ryan Parent 0 0 0 0 0 1 0 1 0 1 0/0 9:45 0:48 0:00
Players Stats for Golden Knights
Player Name G A P +/- PIM S H SB GA TA FO MP PP MP PK MP
------------------------------------------------------------------------------------
Andrei Loktionov 0 0 0 0 0 0 2 0 0 0 8/15 14:48 3:32 0:08
Chris Tierney 0 0 0 0 0 1 0 1 0 0 3/6 12:45 0:00 3:57
Ilya Kovalchuk 0 0 0 0 0 3 1 1 0 1 0/2 18:23 3:39 1:25
Jared Cowen 0 1 1 0 0 1 1 1 1 3 0/0 24:56 4:21 5:11
Mathew Dumba 0 0 0 0 2 1 2 2 1 1 0/0 19:26 0:00 5:04
Matt Stajan 0 1 1 2 6 3 1 0 0 0 6/12 14:58 3:12 1:40
Michael Frolik 1 1 2 2 0 8 2 0 2 0 5/11 20:18 3:32 5:30
Michael Kostka 0 1 1 1 0 1 1 2 0 0 0/0 22:27 2:36 5:29
Nathan Horton 0 0 0 0 0 2 1 0 0 1 1/2 11:03 0:12 0:01
Patrice Cormier 0 0 0 0 0 1 1 0 0 1 7/13 10:29 0:05 0:00
Sergei Plotnikov 1 0 1 2 0 1 2 0 0 1 0/2 16:48 0:05 6:12
Shawn Matthias 0 0 0 0 0 7 0 0 0 0 0/0 7:57 0:00 0:00
Thomas Vanek 0 1 1 0 2 1 0 2 0 0 0/0 14:28 3:13 0:01
Vladimir Mihalik 0 0 0 1 2 1 2 1 0 0 0/0 13:26 0:07 0:00
Vladimir Zharkov 1 0 1 0 0 3 0 0 2 0 0/0 10:53 0:00 2:38
Wayne Simmonds 0 0 0 0 4 0 2 0 0 1 2/2 14:34 3:13 0:00
Wes O'Neill 0 0 0 1 0 0 1 3 1 1 0/0 21:36 2:36 5:35
Zach Bogosian 1 1 2 1 0 3 3 0 1 0 0/0 18:14 4:21 0:13
3 Stars
1 - Michael Frolik (Vgs)
2 - Zach Bogosian (Vgs)
3 - Sergei Plotnikov (Vgs)
Power Play
Maple Leafs - 2 on 8 Attempt(s) - 25.00%
Golden Knights - 1 on 5 Attempt(s) - 20.00%
Penalty Kill
Maple Leafs - 4 on 5 Attempt(s) - 80.00%
- Score 0 goal in Penalty Kill
Golden Knights - 6 on 8 Attempt(s) - 75.00%
- Score 0 goal in Penalty Kill
Team Stat
Maple Leafs - Hits : 21 - Faceoff Wins : 33 - Blocked Shots : 12 - Penalty Minutes : 10
Golden Knights - Hits : 22 - Faceoff Wins : 32 - Blocked Shots : 13 - Penalty Minutes : 16
Official
Referees : Unknown
Linesman : Unknown
Game Notes
No Game Note
Finance
Level 1 -- Attendance: 6000 (100.00%) -- Ticket Income $558,000
Level 2 -- Attendance: 5000 (100.00%) -- Ticket Income $295,000
Level 3 -- Attendance: 2000 (100.00%) -- Ticket Income $78,000
Level 4 -- Attendance: 4000 (100.00%) -- Ticket Income $108,000
Luxury Box -- Attendance: 1000 (100.00%) -- Ticket Income $160,000
Game was played at the Duff Garden.
Total Attendance: 18000 (100.00%)
Total Ticket Income: $1,199,000
Other Income: $179,850
Total Income: $1,378,850
Maple Leafs
5 vs 5 Forward
Center Left Wing Right Wing Time % Phy DF OF
1 Brayden Schenn Claude Giroux Patrick Kane 40 1 2 2
2 Logan Couture Jake Guentzel Ben Smith 30 1 2 2
3 Mika Zibanejad Andre Burakovsky Beau Bennett 20 1 2 2
4 Bo Horvat Dany Heatley Blake Comeau 10 1 2 2
5 vs 5 Defense
Defense Defense Time % Phy DF OF
1 Kevin Shattenkirk John Klingberg 40 1 2 2
2 Braydon Coburn Hampus Lindholm 30 1 2 2
3 Ryan Parent Calvin de Haan 20 1 2 2
4 Kevin Shattenkirk John Klingberg 10 1 2 2
PowerPlay Forward
Center Left Wing Right Wing Time % Phy DF OF
1 Brayden Schenn Claude Giroux Patrick Kane 60 1 2 2
2 Logan Couture Jake Guentzel Ben Smith 40 1 2 2
PowerPlay Defense
Defense Defense Time % Phy DF OF
1 Kevin Shattenkirk John Klingberg 60 1 2 2
2 Braydon Coburn Hampus Lindholm 40 1 2 2
Penalty Kill 4 Players Forward
Center Wing Time % Phy DF OF
1 Logan Couture Claude Giroux 60 1 2 2
2 Brayden Schenn Patrick Kane 40 1 2 2
Penalty Kill 4 Players Defense
Defense Defense Time % Phy DF OF
1 Kevin Shattenkirk John Klingberg 60 1 2 2
2 Braydon Coburn Hampus Lindholm 40 1 2 2
Penalty Kill - 3 Players Forward
Forward Time % Phy DF OF
1 Brayden Schenn 60 1 2 2
2 Logan Couture 40 1 2 2
Penalty Kill - 3 Players Defense
Defense Defense Time % Phy DF OF
1 Kevin Shattenkirk John Klingberg 60 1 2 2
2 Braydon Coburn Hampus Lindholm 40 1 2 2
4 vs 4 Forward
Center Wing Time % Phy DF OF
1 Logan Couture Patrick Kane 60 1 2 2
2 Brayden Schenn Claude Giroux 40 1 2 2
4 vs 4 Defense
Defense Defense Time % Phy DF OF
1 Kevin Shattenkirk John Klingberg 60 1 2 2
2 Braydon Coburn Hampus Lindholm 40 1 2 2
Last Minutes Offensive
Center Left Wing Right Wing Defense Defense
Brayden Schenn Claude Giroux Patrick Kane Kevin Shattenkirk John Klingberg
Last Minutes Defensive
Center Left Wing Right Wing Defense Defense
Brayden Schenn Claude Giroux Patrick Kane Kevin Shattenkirk Braydon Coburn
Goaltenders
Starting : John Gibson
Backup : Tyler Weiman
Extra Forwards
Normal : Mika Zibanejad, Dany Heatley, Brayden Schenn - PP : Mika Zibanejad, Dany Heatley - PK : Logan Couture
Extra Defensemen
Normal : Ryan Parent, Calvin de Haan, Braydon Coburn - PP : Ryan Parent - PK : Calvin de Haan, Braydon Coburn
Penalty Shots
Claude Giroux, Patrick Kane, Brayden Schenn, Ben Smith, Logan Couture
Scratches
Chris Kelly (Healthy)
Golden Knights
5 vs 5 Forward
Center Left Wing Right Wing Time % Phy DF OF
1 Matt Stajan Sergei Plotnikov Michael Frolik 28 1 2 2
2 Andrei Loktionov Ilya Kovalchuk Wayne Simmonds 26 1 2 2
3 Patrice Cormier Thomas Vanek Nathan Horton 26 1 2 2
4 Chris Tierney Shawn Matthias Vladimir Zharkov 20 1 2 2
5 vs 5 Defense
Defense Defense Time % Phy DF OF
1 Mathew Dumba Jared Cowen 35 1 2 2
2 Zach Bogosian Michael Kostka 33 1 2 2
3 Vladimir Mihalik Wes O'Neill 32 1 2 2
4 Zach Bogosian Jared Cowen 0 1 2 2
PowerPlay Forward
Center Left Wing Right Wing Time % Phy DF OF
1 Andrei Loktionov Ilya Kovalchuk Michael Frolik 60 1 2 2
2 Matt Stajan Thomas Vanek Wayne Simmonds 40 1 2 2
PowerPlay Defense
Defense Defense Time % Phy DF OF
1 Zach Bogosian Jared Cowen 60 1 2 2
2 Michael Kostka Wes O'Neill 40 1 2 2
Penalty Kill 4 Players Forward
Center Wing Time % Phy DF OF
1 Michael Frolik Sergei Plotnikov 60 1 2 2
2 Chris Tierney Matt Stajan 40 1 2 2
Penalty Kill 4 Players Defense
Defense Defense Time % Phy DF OF
1 Wes O'Neill Mathew Dumba 50 1 2 2
2 Michael Kostka Jared Cowen 50 1 2 2
Penalty Kill - 3 Players Forward
Forward Time % Phy DF OF
1 Michael Frolik 60 1 2 2
2 Ilya Kovalchuk 40 1 2 2
Penalty Kill - 3 Players Defense
Defense Defense Time % Phy DF OF
1 Zach Bogosian Jared Cowen 60 1 2 2
2 Mathew Dumba Vladimir Mihalik 40 1 2 2
4 vs 4 Forward
Center Wing Time % Phy DF OF
1 Michael Frolik Ilya Kovalchuk 60 1 2 2
2 Nathan Horton Matt Stajan 40 1 2 2
4 vs 4 Defense
Defense Defense Time % Phy DF OF
1 Zach Bogosian Jared Cowen 50 1 2 2
2 Michael Kostka Vladimir Mihalik 50 1 2 2
Last Minutes Offensive
Center Left Wing Right Wing Defense Defense
Andrei Loktionov Ilya Kovalchuk Michael Frolik Zach Bogosian Jared Cowen
Last Minutes Defensive
Center Left Wing Right Wing Defense Defense
Matt Stajan Sergei Plotnikov Nathan Horton Zach Bogosian Jared Cowen
Goaltenders
Starting : Ondrej Pavelec
Backup : Matt Hackett
Extra Forwards
Normal : Nathan Horton, Thomas Vanek, Vladimir Zharkov - PP : Thomas Vanek, Patrice Cormier - PK : Vladimir Zharkov
Extra Defensemen
Normal : Wes O'Neill, Mathew Dumba, Michael Kostka - PP : Wes O'Neill - PK : Mathew Dumba, Michael Kostka
Penalty Shots
Michael Frolik, Ilya Kovalchuk, Andrei Loktionov, Matt Stajan, Thomas Vanek
Scratches
None
% Time on Ice - Maple Leafs
Lines # - Real PCT - Wanted PCT - Time Play
Normal Forward
1 - 35% - 40% - 14:10
2 - 27% - 30% - 10:51
3 - 24% - 20% - 9:26
4 - 14% - 10% - 5:32
Normal Defense
1 - 42% - 40% - 16:46
2 - 33% - 30% - 13:08
3 - 21% - 20% - 8:19
4 - 4% - 10% - 1:46
PP Forward
1 - 51% - 60% - 5:29
2 - 49% - 40% - 5:17
PP Defense
1 - 58% - 60% - 6:13
2 - 42% - 40% - 4:33
PK Forward
1 - 85% - 60% - 5:54
2 - 15% - 40% - 1:03
PK Defense
1 - 65% - 60% - 4:31
2 - 35% - 40% - 2:26
PK3 Forward
1 - 0% - 60%
2 - 0% - 40%
PK3 Defense
1 - 0% - 60%
2 - 0% - 40%
44 Forward
1 - 87% - 60% - 1:24
2 - 13% - 40% - 0:13
44 Defense
1 - 29% - 60% - 0:28
2 - 71% - 40% - 1:09
Last Minute Offensive - 0:41
Last Minute Defensive - 0:00
Total
Forward - 60:00
Defense - 60:00
|
% Time on Ice - Golden Knights
Lines # - Real PCT - Wanted PCT - Time Play
Normal Forward
1 - 28% - 28% - 11:24
2 - 28% - 26% - 11:11
3 - 25% - 26% - 10:08
4 - 20% - 20% - 7:57
Normal Defense
1 - 37% - 35% - 14:57
2 - 33% - 33% - 13:33
3 - 29% - 32% - 11:43
4 - 1% - 0% - 0:27
PP Forward
1 - 54% - 60% - 3:44
2 - 46% - 40% - 3:13
PP Defense
1 - 63% - 60% - 4:21
2 - 37% - 40% - 2:36
PK Forward
1 - 70% - 60% - 7:30
2 - 30% - 40% - 3:16
PK Defense
1 - 54% - 50% - 5:48
2 - 46% - 50% - 4:58
PK3 Forward
1 - 0% - 60%
2 - 0% - 40%
PK3 Defense
1 - 0% - 60%
2 - 0% - 40%
44 Forward
1 - 95% - 60% - 1:32
2 - 5% - 40% - 0:05
44 Defense
1 - 49% - 50% - 0:48
2 - 51% - 50% - 0:49
Last Minute Offensive - 0:00
Last Minute Defensive - 0:00
Total
Forward - 60:00
Defense - 60:00
|
Play-by-Play
1st period
0:01 of 1st period - Brayden Schenn wins face-off versus Matt Stajan in neutral zone.
0:26 of 1st period - Ben Smith is hit by Andrei Loktionov and loses puck.
1:06 of 1st period - Icing by Braydon Coburn.
1:07 of 1st period - Bo Horvat wins face-off versus Chris Tierney in Maple Leafs zone.
2:08 of 1st period - Slapshot by Kevin Shattenkirk.
2:08 of 1st period - Stopped by Ondrej Pavelec without a rebound.
2:09 of 1st period - Mika Zibanejad wins face-off versus Matt Stajan in Golden Knights zone.
2:10 of 1st period - Snap shot by Beau Bennett.
2:10 of 1st period - Shot Misses the Net.
2:20 of 1st period - Snap shot by Michael Frolik.
2:20 of 1st period - Shot Blocked by Ryan Parent.
2:22 of 1st period - Wrist shot by Jared Cowen.
2:22 of 1st period - Deflect By Ryan Parent.
2:22 of 1st period - Stopped by John Gibson with a rebound.
2:24 of 1st period - Slapshot by Michael Frolik.
2:24 of 1st period - Shot Misses the Net.
2:26 of 1st period - Snap shot by Michael Frolik.
2:26 of 1st period - Stopped by John Gibson with a rebound.
2:38 of 1st period - Snap shot by Calvin de Haan.
2:38 of 1st period - Deflect By Claude Giroux.
2:38 of 1st period - Stopped by Ondrej Pavelec with a rebound.
2:40 of 1st period - Snap shot by Patrick Kane.
2:40 of 1st period - Stopped by Ondrej Pavelec with a rebound.
2:42 of 1st period - Snap shot by Calvin de Haan.
2:42 of 1st period - Stopped by Ondrej Pavelec without a rebound.
2:43 of 1st period - Brayden Schenn wins face-off versus Patrice Cormier in Golden Knights zone.
2:57 of 1st period - Icing by Nathan Horton.
2:58 of 1st period - Patrice Cormier wins face-off versus Logan Couture in Golden Knights zone.
3:07 of 1st period - Slapshot by Michael Kostka.
3:07 of 1st period - Stopped by John Gibson without a rebound.
3:08 of 1st period - Matt Stajan wins face-off versus Ben Smith in Maple Leafs zone.
3:21 of 1st period - Snap shot by Michael Frolik.
3:21 of 1st period - Stopped by John Gibson with a rebound.
3:23 of 1st period - Snap shot by Michael Frolik.
3:23 of 1st period - Goal by Michael Frolik - Maple Leafs : 0 - Golden Knights : 1.
3:24 of 1st period - Brayden Schenn wins face-off versus Andrei Loktionov in neutral zone.
4:31 of 1st period - Kevin Shattenkirk is hit by Matt Stajan and loses puck.
4:54 of 1st period - Minor Penalty to Matt Stajan for Hooking.
4:55 of 1st period - Michael Frolik wins face-off versus Brayden Schenn in Golden Knights zone.
6:48 of 1st period - Chris Tierney is hit by Claude Giroux and loses puck.
6:54 of 1st period - Penalty to Matt Stajan is over, Matt Stajan is back on ice.
7:30 of 1st period - Kevin Shattenkirk is hit by Zach Bogosian and loses puck.
8:13 of 1st period - Brayden Schenn is hit by Wes O'Neill and loses puck.
8:29 of 1st period - Andre Burakovsky is hit by Mathew Dumba and loses puck.
8:40 of 1st period - Mika Zibanejad is hit by Wayne Simmonds and loses puck.
8:47 of 1st period - Andrei Loktionov is hit by Andre Burakovsky and loses puck.
9:08 of 1st period - Snap shot by Matt Stajan.
9:08 of 1st period - Stopped by John Gibson without a rebound.
9:09 of 1st period - Claude Giroux wins face-off versus Patrice Cormier in Maple Leafs zone.
9:35 of 1st period - Mathew Dumba is hit by Logan Couture and loses puck.
9:50 of 1st period - Minor Penalty to Matt Stajan for High sticking.
9:51 of 1st period - Brayden Schenn wins face-off versus Sergei Plotnikov in Golden Knights zone.
11:50 of 1st period - Penalty to Matt Stajan is over, Matt Stajan is back on ice.
12:25 of 1st period - Snap shot by Beau Bennett.
12:25 of 1st period - Shot Blocked by Michael Kostka.
12:27 of 1st period - Slapshot by John Klingberg.
12:27 of 1st period - Stopped by Ondrej Pavelec without a rebound.
12:28 of 1st period - Andrei Loktionov wins face-off versus Bo Horvat in Golden Knights zone.
12:39 of 1st period - Snap shot by Andrei Loktionov.
12:39 of 1st period - Shot Misses the Net.
13:04 of 1st period - Wrist shot by Ben Smith.
13:04 of 1st period - Shot Misses the Net.
13:06 of 1st period - Snap shot by Ben Smith.
13:06 of 1st period - Shot Misses the Net.
13:14 of 1st period - Snap shot by Logan Couture.
13:14 of 1st period - Shot Blocked by Chris Tierney.
13:50 of 1st period - Wrist shot by Beau Bennett.
13:50 of 1st period - Deflect By Andre Burakovsky.
13:50 of 1st period - Shot Blocked by Wes O'Neill.
13:50 of 1st period - Puck is out of play.
13:51 of 1st period - Patrice Cormier wins face-off versus Mika Zibanejad in Golden Knights zone.
14:11 of 1st period - Zach Bogosian is hit by Hampus Lindholm and loses puck.
14:40 of 1st period - Snap shot by Andre Burakovsky.
14:40 of 1st period - Stopped by Ondrej Pavelec without a rebound.
14:41 of 1st period - Andrei Loktionov wins face-off versus Brayden Schenn in Golden Knights zone.
15:22 of 1st period - Wrist shot by Ben Smith.
15:22 of 1st period - Stopped by Ondrej Pavelec with a rebound.
15:24 of 1st period - Snap shot by Jake Guentzel.
15:24 of 1st period - Shot Misses the Net.
16:01 of 1st period - Snap shot by Andrei Loktionov.
16:01 of 1st period - Deflect By Ilya Kovalchuk.
16:01 of 1st period - Stopped by John Gibson without a rebound.
16:02 of 1st period - Patrice Cormier wins face-off versus Logan Couture in Maple Leafs zone.
16:35 of 1st period - Snap shot by Andrei Loktionov.
16:35 of 1st period - Shot Blocked by Braydon Coburn.
17:19 of 1st period - Slapshot by Calvin de Haan.
17:19 of 1st period - Stopped by Ondrej Pavelec without a rebound.
17:20 of 1st period - Bo Horvat wins face-off versus Andrei Loktionov in Golden Knights zone.
17:20 of 1st period - Ryan Parent is hit by Andrei Loktionov and loses puck.
17:27 of 1st period - Snap shot by Ilya Kovalchuk.
17:27 of 1st period - Shot Blocked by Calvin de Haan.
17:29 of 1st period - Wrist shot by Ilya Kovalchuk.
17:29 of 1st period - Deflect By Wayne Simmonds.
17:29 of 1st period - Shot Misses the Net.
17:29 of 1st period - Puck is out of play.
17:30 of 1st period - Brayden Schenn wins face-off versus Andrei Loktionov in Maple Leafs zone.
17:52 of 1st period - Wrist shot by Ilya Kovalchuk.
17:52 of 1st period - Stopped by John Gibson with a rebound.
17:57 of 1st period - Off-side.
17:58 of 1st period - Ben Smith wins face-off versus Chris Tierney in neutral zone.
18:05 of 1st period - Slapshot by Jake Guentzel.
18:05 of 1st period - Deflect By Ben Smith.
18:05 of 1st period - Goal by Ben Smith - Maple Leafs : 1 - Golden Knights : 1.
18:06 of 1st period - Chris Tierney wins face-off versus Brayden Schenn in neutral zone.
18:19 of 1st period - Wrist shot by Vladimir Zharkov.
18:19 of 1st period - Goal by Vladimir Zharkov - Maple Leafs : 1 - Golden Knights : 2.
18:20 of 1st period - Brayden Schenn wins face-off versus Sergei Plotnikov in neutral zone.
18:47 of 1st period - John Klingberg is hit by Mathew Dumba and loses puck.
19:11 of 1st period - Wrist shot by Chris Tierney.
19:11 of 1st period - Shot Misses the Net.
19:13 of 1st period - Slapshot by Mathew Dumba.
19:13 of 1st period - Shot Misses the Net.
19:15 of 1st period - Slapshot by Jared Cowen.
19:15 of 1st period - Shot Misses the Net.
19:17 of 1st period - Wrist shot by Shawn Matthias.
19:17 of 1st period - Stopped by John Gibson with a rebound.
19:23 of 1st period - Snap shot by Shawn Matthias.
19:23 of 1st period - Stopped by John Gibson with a rebound.
19:27 of 1st period - Snap shot by Shawn Matthias.
19:27 of 1st period - Stopped by John Gibson with a rebound.
19:29 of 1st period - Snap shot by Vladimir Zharkov.
19:29 of 1st period - Stopped by John Gibson with a rebound.
19:31 of 1st period - Snap shot by Vladimir Zharkov.
19:31 of 1st period - Shot Misses the Net.
19:33 of 1st period - Snap shot by Vladimir Zharkov.
19:33 of 1st period - Shot Blocked by Ben Smith.
19:35 of 1st period - Snap shot by Shawn Matthias.
19:35 of 1st period - Stopped by John Gibson with a rebound.
19:37 of 1st period - Snap shot by Vladimir Zharkov.
19:37 of 1st period - Shot Blocked by Kevin Shattenkirk.
19:39 of 1st period - Snap shot by Shawn Matthias.
19:39 of 1st period - Stopped by John Gibson without a rebound.
19:40 of 1st period - Wayne Simmonds wins face-off versus Brayden Schenn in Maple Leafs zone.
19:46 of 1st period - Minor Penalty to Patrick Kane for Boarding.
19:47 of 1st period - Logan Couture wins face-off versus Andrei Loktionov in Maple Leafs zone.
Goals for this period are 1 for Maple Leafs vs 2 for Golden Knights.
Shots for this period are 9 for Maple Leafs vs 15 for Golden Knights.
2nd period
0:01 of 2nd period - Logan Couture wins face-off versus Andrei Loktionov in neutral zone.
0:14 of 2nd period - Wrist shot by Michael Frolik.
0:14 of 2nd period - Shot Misses the Net.
0:16 of 2nd period - Snap shot by Michael Frolik.
0:16 of 2nd period - Shot Blocked by Claude Giroux.
0:30 of 2nd period - Backhand shot by Jared Cowen.
0:30 of 2nd period - Shot Blocked by Kevin Shattenkirk.
1:26 of 2nd period - Ilya Kovalchuk is hit by Kevin Shattenkirk and loses puck.
1:46 of 2nd period - Penalty to Patrick Kane is over, Patrick Kane is back on ice.
1:57 of 2nd period - Chris Tierney is hit by Beau Bennett and loses puck.
2:28 of 2nd period - Slapshot by Logan Couture.
2:28 of 2nd period - Shot Blocked by Vladimir Mihalik.
2:30 of 2nd period - Snap shot by Ben Smith.
2:30 of 2nd period - Shot Misses the Net.
2:32 of 2nd period - Snap shot by Jake Guentzel.
2:32 of 2nd period - Deflect By Logan Couture.
2:32 of 2nd period - Stopped by Ondrej Pavelec without a rebound.
2:33 of 2nd period - Chris Tierney wins face-off versus Jake Guentzel in Golden Knights zone.
2:33 of 2nd period - Chris Tierney is hit by Hampus Lindholm.
2:40 of 2nd period - Vladimir Zharkov is hit by Braydon Coburn and loses puck.
2:58 of 2nd period - Minor Penalty to Wayne Simmonds for Roughing.
2:59 of 2nd period - Michael Frolik wins face-off versus Brayden Schenn in Golden Knights zone.
3:07 of 2nd period - Wrist shot by Patrick Kane.
3:07 of 2nd period - Shot Misses the Net.
3:09 of 2nd period - Slapshot by John Klingberg.
3:09 of 2nd period - Shot Misses the Net.
3:11 of 2nd period - Slapshot by Kevin Shattenkirk.
3:11 of 2nd period - Goal by Kevin Shattenkirk - Maple Leafs : 2 - Golden Knights : 2.
3:12 of 2nd period - Michael Frolik wins face-off versus Brayden Schenn in neutral zone.
3:15 of 2nd period - Patrick Kane is hit by Sergei Plotnikov.
3:38 of 2nd period - Wayne Simmonds is hit by Logan Couture and loses puck.
3:43 of 2nd period - Wrist shot by Ben Smith.
3:43 of 2nd period - Shot Misses the Net.
4:19 of 2nd period - Mathew Dumba is hit by Dany Heatley and loses puck.
4:28 of 2nd period - Slapshot by Calvin de Haan.
4:28 of 2nd period - Shot Misses the Net.
4:30 of 2nd period - Wrist shot by Ryan Parent.
4:30 of 2nd period - Shot Blocked by Jared Cowen.
4:36 of 2nd period - Minor Penalty to Mathew Dumba for Holding.
4:37 of 2nd period - Brayden Schenn wins face-off versus Michael Frolik in Golden Knights zone.
4:52 of 2nd period - Wrist shot by Patrick Kane.
4:52 of 2nd period - Goal by Patrick Kane - Maple Leafs : 3 - Golden Knights : 2.
4:53 of 2nd period - Brayden Schenn wins face-off versus Matt Stajan in neutral zone.
5:05 of 2nd period - Snap shot by Michael Frolik.
5:05 of 2nd period - Stopped by John Gibson with a rebound.
5:07 of 2nd period - Snap shot by Sergei Plotnikov.
5:07 of 2nd period - Goal by Sergei Plotnikov - Maple Leafs : 3 - Golden Knights : 3.
5:08 of 2nd period - Brayden Schenn wins face-off versus Andrei Loktionov in neutral zone.
5:38 of 2nd period - Jake Guentzel is hit by Michael Frolik and loses puck.
5:43 of 2nd period - Snap shot by Michael Frolik.
5:43 of 2nd period - Shot Blocked by Jake Guentzel.
5:45 of 2nd period - Snap shot by Michael Frolik.
5:45 of 2nd period - Stopped by John Gibson with a rebound.
6:16 of 2nd period - Off-side.
6:17 of 2nd period - Chris Tierney wins face-off versus Brayden Schenn in neutral zone.
6:26 of 2nd period - Wrist shot by Chris Tierney.
6:26 of 2nd period - Stopped by John Gibson with a rebound.
6:28 of 2nd period - Wrist shot by Vladimir Zharkov.
6:28 of 2nd period - Shot Blocked by Patrick Kane.
6:30 of 2nd period - Slapshot by Vladimir Zharkov.
6:30 of 2nd period - Shot Misses the Net.
6:32 of 2nd period - Snap shot by Shawn Matthias.
6:32 of 2nd period - Stopped by John Gibson with a rebound.
6:34 of 2nd period - Slapshot by Mathew Dumba.
6:34 of 2nd period - Stopped by John Gibson without a rebound.
6:35 of 2nd period - Andrei Loktionov wins face-off versus Logan Couture in Maple Leafs zone.
6:54 of 2nd period - Logan Couture is hit by Ilya Kovalchuk and loses puck.
7:11 of 2nd period - Wrist shot by Claude Giroux.
7:11 of 2nd period - Stopped by Ondrej Pavelec without a rebound.
7:12 of 2nd period - Brayden Schenn wins face-off versus Patrice Cormier in Golden Knights zone.
7:27 of 2nd period - John Klingberg is hit by Nathan Horton and loses puck.
7:38 of 2nd period - Ben Smith is hit by Vladimir Mihalik and loses puck.
7:43 of 2nd period - Snap shot by Matt Stajan.
7:43 of 2nd period - Stopped by John Gibson with a rebound.
7:45 of 2nd period - Slapshot by Jared Cowen.
7:45 of 2nd period - Deflect By Matt Stajan.
7:45 of 2nd period - Shot Misses the Net.
7:45 of 2nd period - Puck is out of play.
7:46 of 2nd period - Andrei Loktionov wins face-off versus Brayden Schenn in Maple Leafs zone.
8:19 of 2nd period - Wrist shot by Ben Smith.
8:19 of 2nd period - Shot Blocked by Mathew Dumba.
8:21 of 2nd period - Wrist shot by Ben Smith.
8:21 of 2nd period - Shot Misses the Net.
9:21 of 2nd period - Kevin Shattenkirk is hit by Michael Kostka and loses puck.
9:24 of 2nd period - Slapshot by Kevin Shattenkirk.
9:24 of 2nd period - Shot Blocked by Michael Kostka.
10:04 of 2nd period - Wrist shot by Matt Stajan.
10:04 of 2nd period - Stopped by John Gibson without a rebound.
10:05 of 2nd period - Patrice Cormier wins face-off versus Mika Zibanejad in Maple Leafs zone.
10:20 of 2nd period - Slapshot by Thomas Vanek.
10:20 of 2nd period - Shot Blocked by Beau Bennett.
10:32 of 2nd period - Wayne Simmonds is hit by Beau Bennett and loses puck.
10:43 of 2nd period - Slapshot by Mika Zibanejad.
10:43 of 2nd period - Shot Misses the Net.
11:25 of 2nd period - Snap shot by Logan Couture.
11:25 of 2nd period - Shot Blocked by Thomas Vanek.
11:48 of 2nd period - Minor Penalty to Dany Heatley for Hooking.
11:49 of 2nd period - Andrei Loktionov wins face-off versus Logan Couture in Maple Leafs zone.
12:26 of 2nd period - Slapshot by Zach Bogosian.
12:26 of 2nd period - Goal by Zach Bogosian - Maple Leafs : 3 - Golden Knights : 4.
12:27 of 2nd period - Brayden Schenn wins face-off versus Patrice Cormier in neutral zone.
12:30 of 2nd period - Patrice Cormier is hit by Brayden Schenn and loses puck.
12:39 of 2nd period - Slapshot by Thomas Vanek.
12:39 of 2nd period - Stopped by John Gibson without a rebound.
12:40 of 2nd period - Matt Stajan wins face-off versus Patrick Kane in Maple Leafs zone.
13:10 of 2nd period - Icing by Jake Guentzel.
13:11 of 2nd period - Logan Couture wins face-off versus Ilya Kovalchuk in Maple Leafs zone.
13:18 of 2nd period - Snap shot by Jake Guentzel.
13:18 of 2nd period - Stopped by Ondrej Pavelec with a rebound.
13:40 of 2nd period - Slapshot by Kevin Shattenkirk.
13:40 of 2nd period - Stopped by Ondrej Pavelec without a rebound.
13:41 of 2nd period - Patrice Cormier wins face-off versus Brayden Schenn in Golden Knights zone.
13:41 of 2nd period - Patrice Cormier is hit by Brayden Schenn.
13:53 of 2nd period - Snap shot by Hampus Lindholm.
13:53 of 2nd period - Shot Misses the Net.
13:55 of 2nd period - Snap shot by Brayden Schenn.
13:55 of 2nd period - Stopped by Ondrej Pavelec with a rebound.
13:57 of 2nd period - Snap shot by Hampus Lindholm.
13:57 of 2nd period - Stopped by Ondrej Pavelec with a rebound.
14:15 of 2nd period - Hampus Lindholm is hit by Michael Frolik and loses puck.
14:34 of 2nd period - Slapshot by Ben Smith.
14:34 of 2nd period - Shot Blocked by Ilya Kovalchuk.
14:36 of 2nd period - Slapshot by Ryan Parent.
14:36 of 2nd period - Stopped by Ondrej Pavelec with a rebound.
14:38 of 2nd period - Snap shot by Ben Smith.
14:38 of 2nd period - Shot Misses the Net.
14:40 of 2nd period - Snap shot by Ben Smith.
14:40 of 2nd period - Shot Misses the Net.
14:56 of 2nd period - Wrist shot by Chris Tierney.
14:56 of 2nd period - Shot Misses the Net.
14:58 of 2nd period - Snap shot by Shawn Matthias.
14:58 of 2nd period - Stopped by John Gibson with a rebound.
15:02 of 2nd period - Wrist shot by Vladimir Zharkov.
15:02 of 2nd period - Stopped by John Gibson without a rebound.
15:03 of 2nd period - Logan Couture wins face-off versus Patrice Cormier in Maple Leafs zone.
15:05 of 2nd period - Minor Penalty to Logan Couture for Cross-checking.
15:06 of 2nd period - Andrei Loktionov wins face-off versus Brayden Schenn in Maple Leafs zone.
15:08 of 2nd period - Wrist shot by Michael Frolik.
15:08 of 2nd period - Shot Misses the Net.
15:12 of 2nd period - Snap shot by Zach Bogosian.
15:12 of 2nd period - Shot Misses the Net.
15:48 of 2nd period - Slapshot by Zach Bogosian.
15:48 of 2nd period - Shot Blocked by Braydon Coburn.
17:05 of 2nd period - Penalty to Logan Couture is over, Logan Couture is back on ice.
17:16 of 2nd period - Logan Couture is hit by Sergei Plotnikov and loses puck.
17:51 of 2nd period - Mathew Dumba is hit by Dany Heatley and loses puck.
18:41 of 2nd period - Jake Guentzel is hit by Patrice Cormier and loses puck.
19:18 of 2nd period - Icing by Brayden Schenn.
19:19 of 2nd period - Matt Stajan wins face-off versus Logan Couture in Maple Leafs zone.
19:34 of 2nd period - Slapshot by Zach Bogosian.
19:34 of 2nd period - Stopped by John Gibson with a rebound.
Goals for this period are 2 for Maple Leafs vs 2 for Golden Knights.
Shots for this period are 9 for Maple Leafs vs 13 for Golden Knights.
3rd period
0:01 of 3rd period - Brayden Schenn wins face-off versus Patrice Cormier in neutral zone.
0:12 of 3rd period - Wrist shot by Patrick Kane.
0:12 of 3rd period - Stopped by Ondrej Pavelec without a rebound.
0:13 of 3rd period - Andrei Loktionov wins face-off versus Brayden Schenn in Golden Knights zone.
0:20 of 3rd period - Mathew Dumba is hit by Kevin Shattenkirk and loses puck.
1:02 of 3rd period - Slapshot by Zach Bogosian.
1:02 of 3rd period - Stopped by John Gibson with a rebound.
1:23 of 3rd period - Minor Penalty to Calvin de Haan for Holding.
1:24 of 3rd period - Logan Couture wins face-off versus Ilya Kovalchuk in Maple Leafs zone.
1:58 of 3rd period - Logan Couture is hit by Wayne Simmonds.
2:09 of 3rd period - Minor Penalty to Matt Stajan for Holding.
2:10 of 3rd period - Michael Frolik wins face-off versus Logan Couture in Golden Knights zone.
3:13 of 3rd period - Hampus Lindholm is hit by Zach Bogosian and loses puck.
3:23 of 3rd period - Penalty to Calvin de Haan is over, Calvin de Haan is back on ice.
3:34 of 3rd period - Claude Giroux is hit by Jared Cowen and loses puck.
4:09 of 3rd period - Penalty to Matt Stajan is over, Matt Stajan is back on ice.
4:14 of 3rd period - Off-side.
4:15 of 3rd period - Bo Horvat wins face-off versus Nathan Horton in neutral zone.
4:18 of 3rd period - Nathan Horton is hit by Dany Heatley and loses puck.
4:25 of 3rd period - Slapshot by Zach Bogosian.
4:25 of 3rd period - Deflect By Thomas Vanek.
4:25 of 3rd period - Shot Misses the Net.
4:25 of 3rd period - Puck is out of play.
4:26 of 3rd period - Brayden Schenn wins face-off versus Andrei Loktionov in Maple Leafs zone.
4:26 of 3rd period - Brayden Schenn is hit by Vladimir Mihalik.
4:38 of 3rd period - Snap shot by Claude Giroux.
4:38 of 3rd period - Shot Misses the Net.
4:40 of 3rd period - Minor Penalty to Vladimir Mihalik for Hooking.
4:41 of 3rd period - Claude Giroux wins face-off versus Michael Frolik in Golden Knights zone.
4:46 of 3rd period - Snap shot by Claude Giroux.
4:46 of 3rd period - Shot Misses the Net.
5:19 of 3rd period - Wrist shot by Ben Smith.
5:19 of 3rd period - Shot Blocked by Mathew Dumba.
6:15 of 3rd period - Minor Penalty to Jake Guentzel for Hooking.
6:16 of 3rd period - Michael Frolik wins face-off versus Logan Couture in Maple Leafs zone.
6:18 of 3rd period - Snap shot by Michael Frolik.
6:18 of 3rd period - Stopped by John Gibson with a rebound.
6:40 of 3rd period - Penalty to Vladimir Mihalik is over, Vladimir Mihalik is back on ice.
6:44 of 3rd period - Snap shot by Vladimir Mihalik.
6:44 of 3rd period - Stopped by John Gibson with a rebound.
6:46 of 3rd period - Snap shot by Nathan Horton.
6:46 of 3rd period - Stopped by John Gibson without a rebound.
6:47 of 3rd period - Logan Couture wins face-off versus Matt Stajan in Maple Leafs zone.
7:02 of 3rd period - Slapshot by Thomas Vanek.
7:02 of 3rd period - Shot Misses the Net.
8:15 of 3rd period - Penalty to Jake Guentzel is over, Jake Guentzel is back on ice.
8:35 of 3rd period - Wrist shot by Jake Guentzel.
8:35 of 3rd period - Shot Misses the Net.
8:59 of 3rd period - Wrist shot by Beau Bennett.
8:59 of 3rd period - Deflect By Mika Zibanejad.
8:59 of 3rd period - Stopped by Ondrej Pavelec without a rebound.
9:00 of 3rd period - Andrei Loktionov wins face-off versus Mika Zibanejad in Golden Knights zone.
9:13 of 3rd period - Jared Cowen is hit by Braydon Coburn.
9:32 of 3rd period - Snap shot by Dany Heatley.
9:32 of 3rd period - Shot Blocked by Wes O'Neill.
9:34 of 3rd period - Wrist shot by Blake Comeau.
9:34 of 3rd period - Shot Misses the Net.
9:36 of 3rd period - Slapshot by Braydon Coburn.
9:36 of 3rd period - Stopped by Ondrej Pavelec without a rebound.
9:37 of 3rd period - Mika Zibanejad wins face-off versus Matt Stajan in Golden Knights zone.
10:05 of 3rd period - Backhand shot by Patrice Cormier.
10:05 of 3rd period - Stopped by John Gibson without a rebound.
10:06 of 3rd period - Nathan Horton wins face-off versus Bo Horvat in Maple Leafs zone.
10:19 of 3rd period - Wrist shot by Patrice Cormier.
10:19 of 3rd period - Shot Misses the Net.
10:21 of 3rd period - Snap shot by Nathan Horton.
10:21 of 3rd period - Stopped by John Gibson without a rebound.
10:22 of 3rd period - Matt Stajan wins face-off versus Brayden Schenn in Maple Leafs zone.
10:23 of 3rd period - Wrist shot by Michael Frolik.
10:23 of 3rd period - Stopped by John Gibson without a rebound.
10:24 of 3rd period - Matt Stajan wins face-off versus Brayden Schenn in Maple Leafs zone.
10:25 of 3rd period - Snap shot by Michael Frolik.
10:25 of 3rd period - Stopped by John Gibson with a rebound.
10:31 of 3rd period - Vladimir Mihalik is hit by Patrick Kane and loses puck.
11:14 of 3rd period - Slapshot by John Klingberg.
11:14 of 3rd period - Stopped by Ondrej Pavelec with a rebound.
11:16 of 3rd period - Wrist shot by Andre Burakovsky.
11:16 of 3rd period - Stopped by Ondrej Pavelec with a rebound.
11:18 of 3rd period - Snap shot by Mika Zibanejad.
11:18 of 3rd period - Stopped by Ondrej Pavelec with a rebound.
11:20 of 3rd period - Slapshot by Beau Bennett.
11:20 of 3rd period - Shot Blocked by Thomas Vanek.
11:42 of 3rd period - Snap shot by Claude Giroux.
11:42 of 3rd period - Stopped by Ondrej Pavelec without a rebound.
11:43 of 3rd period - Logan Couture wins face-off versus Matt Stajan in Golden Knights zone.
11:54 of 3rd period - Snap shot by Jake Guentzel.
11:54 of 3rd period - Stopped by Ondrej Pavelec without a rebound.
11:55 of 3rd period - Matt Stajan wins face-off versus Brayden Schenn in Golden Knights zone.
12:06 of 3rd period - Snap shot by Claude Giroux.
12:06 of 3rd period - Deflect By Brayden Schenn.
12:06 of 3rd period - Shot Misses the Net.
12:06 of 3rd period - Puck is out of play.
12:07 of 3rd period - Wayne Simmonds wins face-off versus Brayden Schenn in Golden Knights zone.
12:07 of 3rd period - Wayne Simmonds is hit by Hampus Lindholm.
13:40 of 3rd period - Minor Penalty to Wayne Simmonds for Holding.
13:41 of 3rd period - Logan Couture wins face-off versus Michael Frolik in Golden Knights zone.
13:49 of 3rd period - Wrist shot by Jake Guentzel.
13:49 of 3rd period - Shot Misses the Net.
13:51 of 3rd period - Slapshot by John Klingberg.
13:51 of 3rd period - Shot Misses the Net.
13:53 of 3rd period - Snap shot by Kevin Shattenkirk.
13:53 of 3rd period - Shot Blocked by Wes O'Neill.
13:55 of 3rd period - Snap shot by Logan Couture.
13:55 of 3rd period - Stopped by Ondrej Pavelec without a rebound.
13:56 of 3rd period - Logan Couture wins face-off versus Michael Frolik in Golden Knights zone.
13:57 of 3rd period - Slapshot by Kevin Shattenkirk.
13:57 of 3rd period - Deflect By Jake Guentzel.
13:57 of 3rd period - Shot Misses the Net.
13:57 of 3rd period - Puck is out of play.
13:58 of 3rd period - Logan Couture wins face-off versus Michael Frolik in Golden Knights zone.
14:32 of 3rd period - Mathew Dumba is hit by Patrick Kane and loses puck.
15:11 of 3rd period - Snap shot by Chris Tierney.
15:11 of 3rd period - Shot Misses the Net.
15:40 of 3rd period - Penalty to Wayne Simmonds is over, Wayne Simmonds is back on ice.
16:04 of 3rd period - Icing by Calvin de Haan.
16:05 of 3rd period - Patrice Cormier wins face-off versus Mika Zibanejad in Maple Leafs zone.
16:12 of 3rd period - Snap shot by Thomas Vanek.
16:12 of 3rd period - Shot Blocked by Beau Bennett.
16:30 of 3rd period - Blake Comeau is hit by Zach Bogosian and loses puck.
16:55 of 3rd period - Icing by Vladimir Zharkov.
16:56 of 3rd period - Brayden Schenn wins face-off versus Chris Tierney in Golden Knights zone.
16:57 of 3rd period - Snap shot by Patrick Kane.
16:57 of 3rd period - Shot Misses the Net.
16:59 of 3rd period - Slapshot by Brayden Schenn.
16:59 of 3rd period - Shot Misses the Net.
17:03 of 3rd period - Slapshot by Patrick Kane.
17:03 of 3rd period - Deflect By Wes O'Neill.
17:03 of 3rd period - Stopped by Ondrej Pavelec without a rebound.
17:04 of 3rd period - Patrice Cormier wins face-off versus Mika Zibanejad in Golden Knights zone.
17:13 of 3rd period - Snap shot by Mika Zibanejad.
17:13 of 3rd period - Shot Misses the Net.
17:15 of 3rd period - Minor Penalty to Thomas Vanek for Holding Stick.
17:16 of 3rd period - Brayden Schenn wins face-off versus Michael Frolik in Golden Knights zone.
18:24 of 3rd period - Backhand shot by Chris Tierney.
18:24 of 3rd period - Shot Misses the Net.
19:15 of 3rd period - Penalty to Thomas Vanek is over, Thomas Vanek is back on ice.
19:25 of 3rd period - Jared Cowen is hit by Mika Zibanejad and loses puck.
19:42 of 3rd period - Snap shot by Ilya Kovalchuk.
19:42 of 3rd period - Stopped by John Gibson with a rebound.
Goals for this period are 0 for Maple Leafs vs 0 for Golden Knights.
Shots for this period are 10 for Maple Leafs vs 9 for Golden Knights.